 Dungeon Crawl Stone Soup version 0.30-a0-371-gad7725a (webtiles) character file.

Game seed: 17648304015015977099

1533 Dorkslayer the Spear-Bearer (level 8, -4/64 HPs)
             Began as a Merfolk Fighter on Nov 21, 2022.
             Killed from afar by an orc wizard (10 damage)
             ... with a puff of flame
             ... on level 6 of the Dungeon.
             The game lasted 00:11:08 (3809 turns).

Dorkslayer the Spear-Bearer (Merfolk Fighter)       Turns: 3809, Time: 00:11:09

Health: -4/64      AC: 11    Str: 18    XL:     8   Next: 85%
Magic:  8/8        EV:  8    Int:  7    God:
Gold:   285        SH:  5    Dex: 14    Spells: 7/7 levels left

rFire   . . .      SeeInvis .    a - +1 trident
rCold   . . .      Faith    .    c - +0 buckler
rNeg    . . .      Spirit   .    f - +0 chain mail
rPois   .          Reflect  .    h - +0 helmet
rElec   .          Harm     .    (no cloak)
rCorr   .          Rampage  .    (no gloves)
Will    .....                    g - +0 pair of boots
Stlth   ..........               (no amulet)
HPRegen 0.30/turn                (no ring)
MPRegen 0.11/turn                (no ring)

@: no status effects
A: (nimble swimmer 2), mertail
a: no special abilities


You were on level 6 of the Dungeon.
You visited 2 branches of the dungeon, and saw 8 of its levels.

You collected 285 gold pieces.

Inventory:

Hand Weapons
 a - a +1 trident (weapon)
Missiles
 m - 2 boomerangs (quivered)
Armour
 c - a +0 buckler (worn)
 f - a +0 chain mail (worn)
 g - a +0 pair of boots (worn)
 h - a +0 helmet (worn)
Wands
 d - a wand of polymorph (6)
Scrolls
 k - 2 scrolls of teleportation
Potions
 b - a potion of berserk rage
 e - a potion of flight
 i - 3 potions of magic
 l - a potion of ambrosia {unknown}
 n - a potion of attraction {unknown}


   Skills:
 + Level 6.1 Fighting
 + Level 9.6 Polearms
 + Level 0.2 Throwing
 + Level 3.7 Armour
 + Level 3.2 Dodging
 + Level 0.5 Stealth
 + Level 5.0 Shields
 * Level 1.1 Evocations


You had 7 spell levels left.
You didn't know any spells.
Your spell library contained the following spells:

 Spells                   Type           Power      Damage    Failure   Level
 Apportation              Tloc           0%         N/A       100%        1
 Alistair's Intoxication  Tmut/Pois      0%         N/A       100%        5


Dungeon Overview and Level Annotations

Branches:
Dungeon (7/15)             Temple (1/1) D:4

Altars:
Ashenzari
Cheibriados
Dithmenos
Elyvilon
Fedhas
Kikubaaqudgha
Makhleb
Nemelex Xobeh
Okawaru
Qazlal
Ru
Sif Muna
Trog
Vehumet
Wu Jian
Xom
Yredelemnul
Zin
The Shining One

Shops:
D:1 [

Annotations:
D:6 Blork the orc


Innate Abilities, Weirdness & Mutations

((You are very nimble when in or above water. (Stealth+, EV+, Speed+++)))
Your lower body shifts to a powerful aquatic tail in water.


Message History

You miss something. Something hits you but does no damage.
You completely miss something. Something hits you but does no damage.
You hit something but do no damage. Something hits you but does no damage.
You miss something. Something hits you but does no damage.
You closely miss something. Something completely misses you.
You completely miss something.
You hear some strange, mumbled words.
A magic dart appears from out of thin air!
The magic dart hits you.
* * * LOW HITPOINT WARNING * * *
You barely miss something. You miss something. Something hits you.
* * * LOW HITPOINT WARNING * * *
You closely miss something.
An adder comes into view.
Something hits you but does no damage.
The adder hisses angrily.
You hit something.
You hear some strange, mumbled words.
A puff of flame appears from out of thin air!
The puff of flame hits you.
* * * LOW HITPOINT WARNING * * *
You closely miss the adder.
An orc wizard appears from thin air!
Reactivating autopickup.
The adder bites you but does no damage.
The orc wizard gestures wildly while chanting.
The orc wizard flickers and vanishes!
Deactivating autopickup; reactivate with Ctrl-A.
The adder closely misses you.
You puncture the adder!
The adder is heavily wounded.
You hear some strange, mumbled words.
Something tries to affect you, but you resist.
You block the adder's attack.
You closely miss the adder.
The adder is heavily wounded.
You hear some strange, mumbled words.
A puff of flame appears from out of thin air!
The puff of flame hits you!
You die...

################
...............#
.......(.ยง.....#
##
.#####{S#####..#
..#
.....#.@#......#
.####.#
.....#..#......#
...>..#
###..#..#..#####
####..#
.....#..#F.....
#..# ....
#..#...... #..#
.#####..#####o(
####..#
.....#..#....S.
......#
.....#..#.....
#####.#
###..#..#..####


You could see an adder.

Vanquished Creatures
  Grinder (D:4)
  An ice beast (D:4)
  4 phantoms
  3 bullfrogs
  A gnoll sergeant (D:7)
  A scorpion (D:4)
  A necrophage (D:4)
  3 orc priests
  2 hounds (D:5)
  3 jellies
  A gnoll bouda (D:7)
  Jessica (D:3)
  3 orc wizards
  6 gnolls
  5 adders
  A shadow imp (D:5)
  A worm (D:3)
  3 dart slugs
  14 orcs
  10 ball pythons
  4 bats
  8 endoplasms
  3 goblins (D:2)
  10 hobgoblins
  4 quokkas
  A frilled lizard (D:3)
  6 kobolds
  6 rats
107 creatures vanquished.

Notes
Turn   | Place    | Note
-------+----------+-------------------------------------------
     0 | D:1      | Dorkslayer the Merfolk Fighter began the quest for the Orb.
     0 | D:1      | Reached XP level 1. HP: 18/18 MP: 1/1
    68 | D:1      | Found Alioll's Antique Armour Emporium.
   278 | D:1      | Reached XP level 2. HP: 23/24 MP: 2/2
   699 | D:1      | Reached skill level 1 in Dodging
   834 | D:2      | Reached skill level 3 in Polearms
   852 | D:2      | Reached XP level 3. HP: 30/30 MP: 3/3
  1569 | D:3      | Reached XP level 4. HP: 34/37 MP: 4/4
  1817 | D:3      | Noticed Jessica
  1821 | D:3      | Killed Jessica
  1822 | D:3      | Reached skill level 4 in Polearms
  1822 | D:3      | Reached XP level 5. HP: 42/42 MP: 5/5
  1995 | D:4      | Noticed an ice beast
  2007 | D:4      | Killed an ice beast
  2008 | D:4      | Reached skill level 5 in Polearms
  2008 | D:4      | Reached XP level 6. HP: 42/48 MP: 6/6
  2221 | D:4      | Reached skill level 6 in Polearms
  2227 | D:4      | Noticed Grinder
  2229 | D:4      | Paralysed by Grinder for 4 turns
  2240 | D:4      | Paralysed by Grinder for 2 turns
  2242 | D:4      | Killed Grinder
  2243 | D:4      | Reached skill level 5 in Fighting
  2243 | D:4      | Reached XP level 7. HP: 35/56 MP: 7/7
  2477 | D:4      | Reached skill level 7 in Polearms
  2609 | D:4      | Found a staircase to the Ecumenical Temple.
  2617 | Temple   | Entered the Ecumenical Temple
  2886 | D:5      | Entered Level 5 of the Dungeon
  3289 | D:5      | Reached skill level 8 in Polearms
  3289 | D:5      | Reached XP level 8. HP: 63/63 MP: 8/8
  3515 | D:5      | You fall into a shaft and drop 2 floors!
  3574 | D:7      | Reached skill level 9 in Polearms
  3618 | D:7      | Identified the +3 leather armour "Pirghorr" {rF+ Regen+
                  | Dex-4}
  3688 | D:6      | Noticed Blork the orc
  3788 | D:6      | Reached skill level 5 in Shields
  3788 | D:6      | Reached skill level 1 in Evocations
  3809 | D:6      | Killed from afar by an orc wizard

Illustrated notes

Levels and vault maps discovered:
D:1:      nicolae_arrival_somewhat_less_tricky_arrival, layout_basic,
          serial_shops, shop, hangedman_decor_riveting, st_stairs_14
D:2:      layout_loops_ring
D:3:      layout_rooms, uniq_jessica
D:4:      layout_basic, minmay_temple_entry_slanted, uniq_grinder
D:5:      layout_loops_ring, grunt_ministairs_15
D:6:      kennysheep_windowed_halls, layout_basic, minmay_statues_item,
          uniq_blork_the_orc, uniq_pikel
D:7:      layout_loops_corners, serial_shops, kennysheep_mini,
          chequers_serial_rivers_micro_a, serial_park_tiny_2
Temple:   compressed_dpeg_triangle_lava_temple

Skill      XL: |  1  2  3  4  5  6  7  8 |
---------------+-------------------------+-----
Dodging        | 1 2 3 |  3.2
Polearms       | 3 4 5 6 8 9 |  9.6
Fighting       | 4 5 6 |  6.1
Armour         | 3 |  3.7
Shields        | 4 5 |  5.0
Evocations     | 1 |  1.1
Throwing       | |  0.2
Stealth        | |  0.5

Action                   |  1- 3 |  4- 6 |  7- 9 || total
-------------------------+-------+-------+-------++-------
Melee: Trident           |   110 |   117 |   271 ||   498
Throw: Boomerang         |       |       |     6 ||     6
  Use: Scroll            |     2 |     2 |     6 ||    10
       Potion            |       |     4 |     3 ||     7
Armor: Scale mail        |     5 |       |       ||     5
       Chain mail        |    49 |    50 |   123 ||   222
Dodge: Dodged            |    37 |    34 |    50 ||   121
Block: Buckler           |    17 |    19 |    43 ||    79

Table legend: (Time is in decaauts)
 A = Elapsed time spent in this place.
 B = Non-inter-level travel time spent in this place.
 C = Inter-level travel time spent in this place.
 D = Time resting spent in this place.
 E = Time spent auto-exploring this place.
 F = Levels seen in this place.
 G = Mean time per level.
                   A        B        C        D        E       F      G
               +--------+--------+--------+--------+--------+-----+--------+
         Total |   3796 |   3796 |      0 |      7 |   1978 |   8 |  474.5 |
       Dungeon |   3722 |   3722 |      0 |      7 |   1978 |   7 |  531.7 |
        Temple |     73 |     73 |      0 |      0 |      0 |   1 |   73.0 |
               +--------+--------+--------+--------+--------+-----+--------+

Top non-repeatable levels by time:
     D:4: 807 daAuts
     D:2: 793 daAuts
     D:1: 781 daAuts
     D:5: 622 daAuts
     D:3: 447 daAuts
     D:7: 166 daAuts
     D:6: 104 daAuts
  Temple: 73 daAuts
